 Dungeon Crawl Stone Soup version 0.29.1-1-gd02db6906a (webtiles) character file.

Game seed: 7456652327164146736

31 Kold the Cudgeller (level 3, -1/9 (31) HPs)
             Began as a Meteoran Fighter on Oct 18, 2022.
             Slain by an adder (2 damage)
             ... on level 2 of the Dungeon.
             The game lasted 00:01:45 (810 turns).

Kold the Cudgeller (Meteoran Fighter)                Turns: 810, Time: 00:01:46

HP:   -1/9 (31)     AC:  6    Str: 20    XL:     3   Next: 61%
MP:   4/4           EV:  9    Int:  9    God:
Gold: 59            SH:  5    Dex: 13    Spells: 2/2 levels left

rFire   . . .      SeeInvis .   a - +0 flail
rCold   . . .      Faith    .   c - +0 buckler
rNeg    . . .      Spirit   .   b - +0 scale mail
rPois   +          Reflect  .   (no helmet)
rElec   .          Harm     .   (no cloak)
rCorr   .          Rampage  .   (no gloves)
Will    .....                   (no boots)
Stlth   ..........              (no amulet)
HPRegen 0.03/turn               e - ring of poison resistance
MPRegen 0.09/turn               (no ring)

@: glowing, extremely drained
A: sense surroundings 1, otherworldly, glowing, explore regen
a: no special abilities


You were on level 2 of the Dungeon.
You visited 1 branch of the dungeon, and saw 2 of its levels.

You collected 59 gold pieces.

Inventory:

Hand Weapons
 a - a +0 flail (weapon)
Armour
 b - a +0 scale mail (worn)
 c - a +0 buckler (worn)
Jewellery
 e - a ring of poison resistance (left hand)
Scrolls
 f - a scroll of acquirement {unknown}
 g - a scroll of enchant weapon {unknown}
Potions
 d - a potion of might
 h - a potion of flight {unknown}


   Skills:
 - Level 3.2 Fighting
 + Level 4.8 Maces & Flails
 - Level 3.6 Armour
 - Level 3.6 Shields


You had 2 spell levels left.
You didn't know any spells.
Your spell library contained the following spells:

 Spells                   Type           Power      Damage    Failure   Level
 Static Discharge         Conj/Air       0%         3-3/arc   92%         2
 Gell's Gravitas          Tloc           0%         N/A       99%         3
 Stone Arrow              Conj/Erth      0%         3d7       99%         3
 Teleport Other           Tloc           0%         N/A       99%         3
 Dispersal                Tloc           0%         N/A       100%        6


Dungeon Overview and Level Annotations

Branches:
Dungeon (2/15) Zot: 767

Altars:


Innate Abilities, Weirdness & Mutations

You passively map a small area around you.
You are easily found by Zot.
You glow in the dark.
You regain HP and MP as you explore.


Message History

You enter the shallow water.
Moving in this stuff is going to be slow.
The bat hits you but does no damage.
Your unstable footing causes you to fumble your attack.
The bat hits you.
An adder comes into view.
You barely miss the jackal. The bat hits you but does no damage.
You block the jackal's attack.
You sock the jackal!
You kill the jackal!
The bat closely misses you.
Your unstable footing causes you to fumble your attack.
The bat hits you but does no damage. The bat completely misses you.
You block the adder's attack. The bat hits you but does no damage.
The adder bites you but does no damage. The adder attacks as you move away!
You block the adder's attack. You block the bat's attack.
The bat closely misses you.
There is a stone staircase leading up here.
You miss the adder. The bat hits you but does no damage.
The adder closely misses you.
You miss the adder. The bat closely misses you.
The bat hits you but does no damage. The adder bites you but does no damage.
You block the adder's attack.
You closely miss the adder. The bat hits you. The adder bites you.
The kobold hits you with a +0 dagger.
You closely miss the adder. The bat hits you but does no damage.
The adder bites you but does no damage. You block the kobold's attack.
The adder bites you but does no damage.
You hit the adder.
The adder is lightly wounded.
You block the bat's attack. The kobold hits you but does no damage.
The adder bites you but does no damage. You block the bat's attack.
You closely miss the adder.
The adder is lightly wounded.
The bat hits you but does no damage. The adder bites you.
* * * LOW HITPOINT WARNING * * *
You block the kobold's attack. The bat hits you but does no damage.
The adder bites you.
You die...

, *, + , , * ,**
, * , , ,, , * ,
,# ### * #) #..
##.#.##.# * ,
......b.#
#.@######### ,,*
##.SK........ , *
, #..#.#.P!.P#.
,* *#..P~~~~~.~~.
*,
......~~.†~~~~.P
,.####.~~(≈~≈≈~~.
, * *
#♣~~~~≈~≈~~~ * ,
* $♣~~~~~~P~. ,
,#..P~~.~.~~.


You could see an adder, a bat and a kobold.

Vanquished Creatures
  An ufetubus (D:2)
  2 dart slugs (D:1)
  3 endoplasms (D:1)
  A giant cockroach (D:1)
  A goblin (D:1)
  A hobgoblin (D:1)
  A jackal (D:2)
  2 quokkas (D:1)
  2 ball pythons (D:1)
  4 bats
  2 frilled lizards (D:1)
  A kobold (D:1)
  A rat (D:1)
22 creatures vanquished.

Vanquished Creatures (others)
  A plant (D:1)
1 creature vanquished.

Grand Total: 23 creatures vanquished

Notes
Turn   | Place    | Note
-------+----------+-------------------------------------------
     0 | D:1      | Kold the Meteoran Fighter began the quest for the Orb.
     0 | D:1      | Reached XP level 1. HP: 19/19 MP: 2/2
    24 | D:1      | Got Jykuur's Tome of Blasting
    45 | D:1      | Reached skill level 3 in Maces & Flails
    67 | D:1      | Reached XP level 2. HP: 26/26 MP: 3/3
   276 | D:1      | Reached skill level 4 in Maces & Flails
   356 | D:1      | Reached XP level 3. HP: 29/31 MP: 4/4
   482 | D:1      | Glimpsed the power of Zot.
   532 | D:1      | Glimpsed the power of Zot.
   572 | D:1      | Glimpsed the power of Zot.
   582 | D:1      | Touched by the power of Zot.
   682 | D:1      | Glimpsed the power of Zot.
   732 | D:1      | Glimpsed the power of Zot.
   772 | D:1      | Glimpsed the power of Zot.
   781 | D:1      | Touched by the power of Zot.
   810 | D:2      | Slain by an adder

Illustrated notes

Levels and vault maps discovered:
D:1:      lightli_arrival_noodles, layout_basic, serial_bayou_pond_c
D:2:      kennysheep_big_flooded_room, layout_rooms, basic_altar,
          hellmonk_ecumenical_altar_blasted, serial_bayou_pond_b,
          uniq_crazy_yiuf_cottage

Skill      XL: |  1  2 |
---------------+-------+-----
Maces & Flails | 3 4 |  4.8
Fighting       | |  3.2
Armour         | |  3.6
Shields        | |  3.6

Action                   || total
-------------------------++-------
Melee: Flail             ||    70
Armor: Scale mail        ||    52
Dodge: Dodged            ||    32
Block: Buckler           ||    30
